SAAA
TORTOLITA DRUMMERS @ SALT LAKE CITY BUZZ
06/23/2028
 
TOP OF THE 1ST
Tortolita Drummers batting - Pitching for Salt Lake City Buzz : RHP Juan Ordóñez
Pitching: RHP Juan Ordóñez
Batting: RHB Miguel Canales 0-0: Called Strike
0-1: Fly out, F4 (Popup, 34)
Batting: RHB Jim Burch 0-0: Ground out 5-3 (Groundball, 56S)
Batting: SHB Marcos Roa 0-0: Called Strike
0-1: Called Strike
0-2: Ball
1-2: Ball
2-2: Ball
3-2: SOLO HOME RUN (Flyball, 9D), Distance : 382 ft
Batting: RHB Ed Hopkins 0-0: Ground out 5-3 (Groundball, 5)
Top of the 1st over - 1 run(s), 1 hit(s), 0 error(s), 0 left on base; Tortolita 1 - Salt Lake City 0
BOTTOM OF THE 1ST
Salt Lake City Buzz batting - Pitching for Tortolita Drummers : RHP Francisco López
Pitching: RHP Francisco López
Batting: RHB Alejandro Herrera 0-0: Ball
1-0: Ground out 4-3 (Groundball, 4)
Batting: RHB Jung-hwan Kwon 0-0: Ball
1-0: Ball
2-0: Foul Ball, location: 2F
2-1: Foul Ball, location: 2F
2-2: DOUBLE (Line Drive, 78XD)
Batting: LHB Frank Sharp 0-0: Called Strike
0-1: Foul Ball, location: 2F
0-2: Hit by Pitch
Pinch Runner at 1st Trent Burch:
Batting: RHB Vicente Cruz 0-0: Foul Ball, location: 2F
0-1: Ball
1-1: Swinging Strike
1-2: Foul Ball, location: 2F
1-2: Fly out, F5 (Line Drive, 56S)
Batting: LHB Ángel Aguilar 0-0: Called Strike
0-1: 3-RUN HOME RUN (Flyball, 8LXD), Distance : 451 ft
Batting: RHB Justin MacPherson 0-0: Called Strike
0-1: Ball
1-1: Ball
2-1: Swinging Strike
2-2: Ground out 5-3 (Groundball, 5S)
Bottom of the 1st over - 3 run(s), 2 hit(s), 0 error(s), 0 left on base; Tortolita 1 - Salt Lake City 3
TOP OF THE 2ND
Tortolita Drummers batting - Pitching for Salt Lake City Buzz : RHP Juan Ordóñez
Now in LF: Trent Burch
Batting: RHB Yoshihito Saikawa 0-0: SOLO HOME RUN (Flyball, 7LD), Distance : 372 ft
Batting: RHB Sean Godron 0-0: Called Strike
0-1: Foul Ball, location: 2F
0-2: Foul Ball, location: 2F
0-2: SINGLE (Line Drive, 78M)
Batting: SHB Gregg Wagner 0-0: Ball
1-0: Foul Ball, location: 2F
1-1: Ball
2-1: Foul Ball, location: 2F
2-2: Foul Ball, location: 2F
2-2: SINGLE (Line Drive, 7LM)
Sean Godron to second
Batting: RHB Orlando Montoya 0-0: Ball
1-0: Ball
2-0: Foul Ball, location: 2F
2-1: Grounds into double play, 1-6-3 (Groundball, 13S)
Sean Godron to third
Batting: LHB Steve Costillo 0-0: Ball
1-0: Ball
2-0: Called Strike
2-1: Called Strike
2-2: Strikes out swinging
Top of the 2nd over - 1 run(s), 3 hit(s), 0 error(s), 1 left on base; Tortolita 2 - Salt Lake City 3
BOTTOM OF THE 2ND
Salt Lake City Buzz batting - Pitching for Tortolita Drummers : RHP Francisco López
Batting: LHB Roberto Soto 0-0: Ball
1-0: Ball
2-0: Called Strike
2-1: Bunted foul
2-2: Foul Ball, location: 2F
2-2: Fly out, F7 (Flyball, 7)
Batting: RHB Gustavo Berrios 0-0: Called Strike
0-1: Ball
1-1: Called Strike
1-2: Ground out 1-3 (Groundball, 15)
Batting: RHB Quigley Gibson 0-0: Called Strike
0-1: Called Strike
0-2: Strikes out swinging
Bottom of the 2nd over - 0 run(s), 0 hit(s), 0 error(s), 0 left on base; Tortolita 2 - Salt Lake City 3
TOP OF THE 3RD
Tortolita Drummers batting - Pitching for Salt Lake City Buzz : RHP Juan Ordóñez
Batting: RHB Miguel Canales 0-0: Ball
1-0: SOLO HOME RUN (Flyball, 7D), Distance : 391 ft
Batting: RHB Jim Burch 0-0: SINGLE (Flyball, 9LS)
Batting: SHB Marcos Roa 0-0: Foul Ball, location: 2F
0-1: Foul Ball, location: 2F
0-2: Foul Ball, location: 2F
0-2: Ball
1-2: Foul Ball, location: 2F
1-2: Grounds into double play, 4-6-3 (Groundball, 4)
Batting: RHB Ed Hopkins 0-0: Ball
1-0: Ball
2-0: Called Strike
2-1: Ball
3-1: Base on Balls
Batting: RHB Yoshihito Saikawa 0-0: Fly out, F8 (Flyball, 89M)
Top of the 3rd over - 1 run(s), 2 hit(s), 0 error(s), 1 left on base; Tortolita 3 - Salt Lake City 3
BOTTOM OF THE 3RD
Salt Lake City Buzz batting - Pitching for Tortolita Drummers : RHP Francisco López
Batting: RHB Alejandro Herrera 0-0: Called Strike
0-1: Ball
1-1: Foul Ball, location: 2F
1-2: Strikes out swinging
Batting: RHB Jung-hwan Kwon 0-0: Ball
1-0: Called Strike
1-1: Ball
2-1: Ground out 6-3 (Groundball, 6D)
Batting: RHB Trent Burch 0-0: Called Strike
0-1: Foul Ball, location: 2F
0-2: Ground out 4-3 (Groundball, 4M)
Bottom of the 3rd over - 0 run(s), 0 hit(s), 0 error(s), 0 left on base; Tortolita 3 - Salt Lake City 3
TOP OF THE 4TH
Tortolita Drummers batting - Pitching for Salt Lake City Buzz : RHP Juan Ordóñez
Batting: RHB Sean Godron 0-0: Ball
1-0: Foul Ball, location: 2F
1-1: Swinging Strike
1-2: Foul Ball, location: 2F
1-2: Fly out, F9 (Flyball, 9LS)
Batting: SHB Gregg Wagner 0-0: Ball
1-0: Ball
2-0: Foul Ball, location: 2F
2-1: Called Strike
2-2: Strikes out swinging
Batting: RHB Orlando Montoya 0-0: SINGLE (Groundball, 56S) (infield hit)
Batting: LHB Steve Costillo 0-0: Called Strike
0-1: Fly out, F8 (Flyball, 8LM)
Top of the 4th over - 0 run(s), 1 hit(s), 0 error(s), 1 left on base; Tortolita 3 - Salt Lake City 3
BOTTOM OF THE 4TH
Salt Lake City Buzz batting - Pitching for Tortolita Drummers : RHP Francisco López
Batting: RHB Vicente Cruz 0-0: DOUBLE (Line Drive, 89M)
Batting: LHB Ángel Aguilar 0-0: Ball
1-0: Foul Ball, location: 2F
1-1: Ball
2-1: Foul Ball, location: 2F
2-2: Strikes out looking
Batting: RHB Justin MacPherson 0-0: Foul Ball, location: 2F
0-1: Ball
1-1: Ball
2-1: Ball
Vicente Cruz steals 3rd base
3-1: Foul Ball, location: 2F
3-2: Foul Ball, location: 2F
3-2: Foul Ball, location: 2F
3-2: Foul Ball, location: 2F
3-2: SINGLE (Groundball, 56S) (infield hit)
Vicente Cruz scores
Batting: LHB Roberto Soto 0-0: Ball
1-0: Called Strike
1-1: Foul Ball, location: 2F
1-2: Ball
2-2: Ball
Justin MacPherson steals 2nd base
3-2: Base on Balls
Batting: RHB Gustavo Berrios 0-0: Swinging Strike
0-1: Grounds into double play, 5-4-3 (Groundball, 56)
Bottom of the 4th over - 1 run(s), 2 hit(s), 0 error(s), 1 left on base; Tortolita 3 - Salt Lake City 4
TOP OF THE 5TH
Tortolita Drummers batting - Pitching for Salt Lake City Buzz : RHP Juan Ordóñez
Batting: RHB Miguel Canales 0-0: Ball
1-0: Fly out, F7 (Flyball, 7)
Batting: RHB Jim Burch 0-0: Ball
1-0: Ball
2-0: SINGLE (Line Drive, 34D)
Batting: SHB Marcos Roa 0-0: Foul Ball, location: 2F
0-1: Grounds into double play, 6-4-3 (Groundball, 6)
Top of the 5th over - 0 run(s), 1 hit(s), 0 error(s), 0 left on base; Tortolita 3 - Salt Lake City 4
BOTTOM OF THE 5TH
Salt Lake City Buzz batting - Pitching for Tortolita Drummers : RHP Francisco López
Batting: RHB Quigley Gibson 0-0: Ground out 6-3 (Groundball, 6M)
Batting: RHB Alejandro Herrera 0-0: Ball
1-0: Called Strike
1-1: Ground out 5-3 (Groundball, 5L)
Batting: RHB Jung-hwan Kwon 0-0: Ball
1-0: Ground out 6-3 (Groundball, 6)
Bottom of the 5th over - 0 run(s), 0 hit(s), 0 error(s), 0 left on base; Tortolita 3 - Salt Lake City 4
TOP OF THE 6TH
Tortolita Drummers batting - Pitching for Salt Lake City Buzz : RHP Juan Ordóñez
Batting: RHB Ed Hopkins 0-0: Ball
1-0: Ball
2-0: Ground out 4-3 (Groundball, 4)
Batting: RHB Yoshihito Saikawa 0-0: Foul Ball, location: 2F
0-1: Called Strike
0-2: Foul Ball, location: 2F
0-2: Foul Ball, location: 2F
0-2: Ball
1-2: Ball
2-2: Ball
3-2: Foul Ball, location: 2F
3-2: Base on Balls
Batting: RHB Sean Godron 0-0: Grounds into double play, 6-4-3 (Groundball, 6)
Top of the 6th over - 0 run(s), 0 hit(s), 0 error(s), 0 left on base; Tortolita 3 - Salt Lake City 4
BOTTOM OF THE 6TH
Salt Lake City Buzz batting - Pitching for Tortolita Drummers : RHP Francisco López
Batting: RHB Trent Burch 0-0: Called Strike
0-1: Ball
1-1: Fly out, F4 (Popup, 4D)
Batting: RHB Vicente Cruz 0-0: Foul Ball, location: 2F
0-1: Ground out 4-3 (Groundball, 4MS)
Batting: LHB Ángel Aguilar 0-0: Ball
1-0: Foul Ball, location: 2F
1-1: Ball
2-1: Foul Ball, location: 2F
2-2: Ball
3-2: Strikes out swinging
Bottom of the 6th over - 0 run(s), 0 hit(s), 0 error(s), 0 left on base; Tortolita 3 - Salt Lake City 4
TOP OF THE 7TH
Tortolita Drummers batting - Pitching for Salt Lake City Buzz : RHP Juan Ordóñez
Batting: SHB Gregg Wagner 0-0: Ground out U3 (Groundball, 3)
Batting: RHB Orlando Montoya 0-0: Called Strike
0-1: Ball
1-1: Ball
2-1: Ground out 5-3 (Groundball, 56)
Batting: LHB Steve Costillo 0-0: Ball
1-0: Ball
2-0: Called Strike
2-1: Swinging Strike
2-2: Ball
3-2: Foul Ball, location: 2F
3-2: Base on Balls
Pitching: RHP Rick Kennedy
Pinch Hitting: RHB Ricardo Pacheco 0-0: Ball
1-0: Ball
2-0: Called Strike
2-1: Swinging Strike
2-2: Strikes out swinging
Top of the 7th over - 0 run(s), 0 hit(s), 0 error(s), 1 left on base; Tortolita 3 - Salt Lake City 4
BOTTOM OF THE 7TH
Salt Lake City Buzz batting - Pitching for Tortolita Drummers : RHP Francisco López
Now at SS: Dave King
Batting: RHB Justin MacPherson 0-0: Fly out, F8 (Flyball, 8RM)
Batting: LHB Roberto Soto 0-0: SINGLE (Line Drive, 78S)
Pinch Hitting: SHB Jasper Otto 0-0: Ball
1-0: Ball
2-0: Ball
3-0: Called Strike
3-1: SINGLE (Flyball, 8RS)
Roberto Soto to second
Runner from 2nd tries for 3rd, SAFE, throw made to third
Batting: RHB Quigley Gibson 0-0: Called Strike
0-1: Foul Ball, location: 2F
0-2: DOUBLE (Groundball, 5L)
Roberto Soto scores
Jasper Otto to third
Runner from 3rd tries for Home, throw and OUT!
Quigley Gibson to third
Batting: RHB Alejandro Herrera 0-0: Ball
1-0: Foul Ball, location: 2F
1-1: DOUBLE (Line Drive, 9LM)
Quigley Gibson scores
Batting: RHB Jung-hwan Kwon 0-0: Ball
1-0: Called Strike
1-1: Ball
2-1: Ball
3-1: 2-RUN HOME RUN (Flyball, 7LD), Distance : 352 ft
Batting: RHB Trent Burch 0-0: Ball
1-0: Ball
2-0: Ball
3-0: Base on Balls
Pitching: RHP Don Miller
Batting: RHB Vicente Cruz 0-0: Ball
1-0: Fly out, F7 (Line Drive, 78D)
Bottom of the 7th over - 4 run(s), 5 hit(s), 0 error(s), 1 left on base; Tortolita 3 - Salt Lake City 8
TOP OF THE 8TH
Tortolita Drummers batting - Pitching for Salt Lake City Buzz : RHP Rick Kennedy
Now at 1B: Erwin Chapman
Batting: RHB Jim Burch 0-0: Called Strike
0-1: Ground out 5-3 (Groundball, 56)
Batting: SHB Marcos Roa 0-0: Called Strike
0-1: Ball
1-1: Foul Ball, location: 2F
1-2: Ball
2-2: Foul Ball, location: 2F
2-2: Foul Ball, location: 2F
2-2: Foul Ball, location: 2F
2-2: Ball
3-2: Base on Balls
Batting: RHB Ed Hopkins 0-0: Called Strike
0-1: Ball
1-1: Ball
2-1: Ball
3-1: Base on Balls
Marcos Roa to second
Batting: RHB Yoshihito Saikawa 0-0: Ball
1-0: Called Strike
1-1: Ball
2-1: Ball
3-1: Swinging Strike
3-2: SINGLE (Groundball, 34S) (infield hit)
Marcos Roa to third
Ed Hopkins to second
Batting: RHB Sean Godron 0-0: Ball
1-0: Ball
2-0: Ball
3-0: Base on Balls
Marcos Roa scores
Ed Hopkins to third
Yoshihito Saikawa to second
Pitching: LHP Roberto De La Cruz
Batting: SHB Gregg Wagner 0-0: Called Strike
0-1: Fielders Choice at 2nd, 6-4 (Groundball, 6)
Ed Hopkins scores
Yoshihito Saikawa to third
Pitching: LHP Léonard Moreau
Batting: RHB Orlando Montoya 0-0: Called Strike
0-1: Foul Ball, location: 2F
0-2: Foul Ball, location: 2F
0-2: Foul Ball, location: 2F
0-2: Ball
1-2: SINGLE (Flyball, 89S)
Yoshihito Saikawa scores
Gregg Wagner to second
Pinch Hitting: RHB Vernon Caw 0-0: Ball
1-0: Swinging Strike
1-1: Ball
2-1: DOUBLE (Line Drive, 78D)
Gregg Wagner scores
Orlando Montoya to third
Runner from 3rd tries for Home, SAFE, no throw
Batting: RHB Dave King 0-0: Foul Ball, location: 2F
0-1: Ball
1-1: Ball
2-1: Foul Ball, location: 2F
2-2: Ball
3-2: SINGLE (Groundball, 56D)
Vernon Caw to third
Vernon Caw scores
Batting: RHB Jim Burch 0-0: Ball
1-0: DOUBLE (Groundball, 5L)
Dave King to third
Pinch Hitting: RHB Vincent Klein 0-0: Fly out, F8 (Flyball, 8RM)
Top of the 8th over - 6 run(s), 5 hit(s), 0 error(s), 2 left on base; Tortolita 9 - Salt Lake City 8
BOTTOM OF THE 8TH
Salt Lake City Buzz batting - Pitching for Tortolita Drummers : RHP Don Miller
Pitching: LHP Motoyuki Nakamura
Now at 1B: Vernon Caw
Now in LF: Jesús Cisneros
Batting: LHB Ángel Aguilar 0-0: Called Strike
0-1: Called Strike
0-2: Ground out 6-3 (Groundball, 6)
Pitching: RHP Jesús Rivera
Batting: RHB Justin MacPherson 0-0: Foul Ball, location: 2F
0-1: Fly out, F8 (Flyball, 8LM)
Batting: LHB Roberto Soto 0-0: Foul Ball, location: 2F
0-1: Ball
1-1: Ball
2-1: Called Strike
2-2: Fly out, F7 (Flyball, 7)
Bottom of the 8th over - 0 run(s), 0 hit(s), 0 error(s), 0 left on base; Tortolita 9 - Salt Lake City 8
TOP OF THE 9TH
Tortolita Drummers batting - Pitching for Salt Lake City Buzz : LHP Léonard Moreau
Pitching: RHP Luis Bejarano
Batting: RHB Ed Hopkins 0-0: Ball
1-0: Foul Ball, location: 2F
1-1: Ball
2-1: Ball
3-1: Fly out, F9 (Flyball, 9)
Batting: RHB Yoshihito Saikawa 0-0: Ground out 6-3 (Groundball, 56D)
Batting: RHB Sean Godron 0-0: Ball
1-0: Fly out, F8 (Flyball, 8RM)
Top of the 9th over - 0 run(s), 0 hit(s), 0 error(s), 0 left on base; Tortolita 9 - Salt Lake City 8
BOTTOM OF THE 9TH
Salt Lake City Buzz batting - Pitching for Tortolita Drummers : RHP Jesús Rivera
Pitching: RHP Pedro Figueroa
Pinch Hitting: LHB Randy Schlosser 0-0: Ball
1-0: Foul Ball, location: 2F
1-1: Ball
2-1: Ground out U3 (Groundball, 3L)
Batting: RHB Quigley Gibson 0-0: Fly out, F8 (Flyball, 8LM)
Pinch Hitting: RHB Curt Kenney 0-0: Ball
1-0: Ball
2-0: Called Strike
2-1: Foul Ball, location: 2F
2-2: Ball
3-2: Base on Balls
Pinch Runner at 1st Pablo Coloa:
Batting: RHB Jung-hwan Kwon 0-0: Ball
1-0: Fly out, F8 (Flyball, 8RXD)
Bottom of the 9th over - 0 run(s), 0 hit(s), 0 error(s), 1 left on base; Tortolita 9 - Salt Lake City 8
Tuesday, July 25th, 2017 - OOTP Baseball 17.12 Build 75